 Dungeon Crawl Stone Soup version 0.28.0-62-gf88900778d (webtiles) character file.

Game seed: 17151648801228081052

2 iiiiiii the Ducker (level 1, 0/16 HPs)
             Began as a Merfolk Gladiator on Mar 9, 2023.
             Slain by a bat (1 damage)
             ... on level 1 of the Dungeon.
             The game lasted 00:01:01 (106 turns).

iiiiiii the Ducker (Merfolk Gladiator)               Turns: 106, Time: 00:01:01

Health: 0/16       AC:  4    Str: 14    XL:     1   Next: 30%
Magic:  1/1        EV: 13    Int:  7    God:
Gold:   0          SH:  0    Dex: 15    Spells: 0/0 levels left

rFire   . . .      SeeInvis .   a - +0 flail
rCold   . . .      Faith    .   (no shield)
rNeg    . . .      Spirit   .   b - +0 leather armour
rPois   .          Reflect  .   c - +0 helmet
rElec   .          Harm     .   (no cloak)
rCorr   .          Rampage  .   (no gloves)
Will    .....                   (no boots)
Stlth   +.........              (no amulet)
HPRegen 0.05/turn               (no ring)
MPRegen 0.07/turn               (no ring)

@: no status effects
A: (nimble swimmer 2), mertail
a: no special abilities


You were on level 1 of the Dungeon.
You visited 1 branch of the dungeon, and saw 1 of its levels.

Inventory:

Hand Weapons
 a - a +0 flail (weapon)
Missiles
 d - 3 throwing nets (quivered)
Armour
 b - a +0 leather armour (worn)
 c - a +0 helmet (worn)


   Skills:
 + Level 2.2 Fighting
 + Level 2.5 Maces & Flails
 + Level 2.0 Throwing
 + Level 4.0 Dodging


You couldn't memorise any spells.
You didn't know any spells.
Your spell library was empty.

Dungeon Overview and Level Annotations

Branches:
Dungeon (1/15)

Altars:


Innate Abilities, Weirdness & Mutations

((You are very nimble when in or above water. (Stealth+, EV+, Speed+++)))
Your lower body shifts to a powerful aquatic tail in water.


Message History

The endoplasm freezes you.
You are frozen.
The kobold closely misses you.
You thump the endoplasm!
You kill the endoplasm!
The rat barely misses you. The frilled lizard closely misses you.
The kobold hits you with a +0 dagger. The rat completely misses you.
You hit the frilled lizard but do no damage.
The frilled lizard closely misses you. The kobold hits you but does no damage.
The rat closely misses you. The frilled lizard closely misses you.
You hit the frilled lizard.
You kill the frilled lizard!
The kobold closely misses you. The rat bites you.
* * * LOW HITPOINT WARNING * * *
The kobold hits you but does no damage. The rat barely misses you.
You see here a frilled lizard corpse.
The kobold throws a stone.
The stone barely misses you. The rat barely misses you.
The kobold throws a stone.
The stone barely misses you.
The kobold throws a stone.
The stone closely misses you. The rat barely misses you.
The rat barely misses you. The kobold hits you with a +0 dagger.
* * * LOW HITPOINT WARNING * * *
The rat bites you.
* * * LOW HITPOINT WARNING * * *
The kobold throws a stone.
The stone barely misses you.
Found an escape hatch in the floor.
A bat and an endoplasm come into view.
The endoplasm quivers.
The bat misses you. The bat closely misses you. The bat barely misses you.
The bat misses you.
Found 15 gold pieces.
The bat closely misses you. x2
The bat closely misses you. The bat barely misses you. The bat hits you.
* * * LOW HITPOINT WARNING * * *
The bat hits you but does no damage. The bat misses you. The bat hits you.
You die...

### ### #.. ..# #.# #.#
#.#### #.# #..$.# #.# #
###.####....###.########
.......@.r.K............
###.####b#J.....########
....>.............
###.#.#########.##.
#.#.# #.##. ....# #.##.
.....# #.##. ......#
##∩##. ###...##


You could see an endoplasm, a bat, a kobold and a rat.

Vanquished Creatures
  An endoplasm (D:1)
  A frilled lizard (D:1)
2 creatures vanquished.

Notes
Turn   | Place    | Note
-------+----------+-------------------------------------------
     0 | D:1      | iiiiiii the Merfolk Gladiator began the quest for the Orb.
     0 | D:1      | Reached XP level 1. HP: 16/16 MP: 1/1
   106 | D:1      | Slain by a bat

Illustrated notes

Levels and vault maps discovered:
D:1:      mainiacjoe_arrival_reflecting_pool, layout_basic,
          chequers_ecumenical_altar_simple, serial_shops, nicolae_diamond_shop

Action                   || total
-------------------------++-------
Melee: Flail             ||     5
Armor: Leather armour    ||    10
Dodge: Dodged            ||    31
